 Dungeon Crawl Stone Soup version 0.28-a0-1447-ga5a8893891 (webtiles) character file.

Game seed: 13500693882653212915

95 bearlyready the Caller (level 4, 0/32 HPs)
             Began as a Gnoll Summoner on Jan 10, 2022.
             Shot with a stone by a goblin (6 damage)
             ... on level 3 of the Dungeon.
             The game lasted 00:04:37 (2815 turns).

bearlyready the Caller (Gnoll Summoner)             Turns: 2815, Time: 00:04:37

Health: 0/32       AC:  2    Str:  7    XL:     4   Next: 66%
Magic:  4/11       EV: 14    Int: 14    God:
Gold:   19         SH:  0    Dex: 15    Spells: 7/13 levels left

rFire   . . .      SeeInvis .   g - +1 dagger (venom)
rCold   . . .      Faith    .   (no shield)
rNeg    . . .      Spirit   .   a - +0 robe
rPois   .          Reflect  .   (no helmet)
rElec   .          Harm     .   (no cloak)
rCorr   .          Rampage  .   (no gloves)
Will    .....                   (no boots)
Stlth   +++.......              (no amulet)
HPRegen 0.10/turn               (no ring)
MPRegen 0.12/turn               (no ring)

@: no status effects
A: fangs 1, strong nose, distributed training
a: no special abilities


You were on level 3 of the Dungeon.
You visited 1 branch of the dungeon, and saw 3 of its levels.

You collected 19 gold pieces.

Inventory:

Hand Weapons
 d - a +0 dagger
 g - a +1 dagger of venom (weapon)
 p - a +0 arbalest
Missiles
 b - 33 stones
 j - 15 sling bullets
Armour
 a - a +0 robe (worn)
 e - a +0 ring mail
Scrolls
 c - a scroll of magic mapping {unknown}
 h - 2 scrolls of identify {unknown}
 m - a scroll of teleportation {unknown}
 o - a scroll of summoning {unknown}
Potions
 f - 2 potions of flight {unknown}
 i - 2 potions of heal wounds {unknown}
 k - a potion of cancellation {unknown}
 l - a potion of haste {unknown}
 n - a potion of curing {unknown}


   Skills:
 + Level 1.2 Fighting
 + Level 1.2 Short Blades
 + Level 1.2 Long Blades
 + Level 1.2 Axes
 + Level 1.2 Maces & Flails
 + Level 1.2 Polearms
 + Level 1.2 Staves
 + Level 1.2 Slings
 + Level 1.2 Bows
 + Level 1.2 Crossbows
 + Level 1.2 Throwing
 + Level 1.2 Armour
 + Level 4.6 Dodging
 + Level 4.3 Stealth
 + Level 1.2 Shields
 + Level 1.2 Unarmed Combat
 + Level 5.1 Spellcasting
 + Level 1.0 Conjurations
 + Level 1.0 Hexes
 + Level 7.1 Summonings
 + Level 1.0 Necromancy
 + Level 1.0 Translocations
 + Level 1.0 Transmutations
 + Level 1.0 Fire Magic
 + Level 1.0 Ice Magic
 + Level 1.0 Air Magic
 + Level 1.0 Earth Magic
 + Level 1.0 Poison Magic
 + Level 1.3 Invocations
 + Level 1.2 Evocations


You had 7 spell levels left.
You knew the following spells:

 Your Spells              Type           Power      Damage    Failure   Level
a - Summon Small Mammal   Summ           92%        N/A       1%          1
b - Call Imp              Summ           23%        N/A       1%          2
c - Call Canine Familiar  Summ           23%        N/A       2%          3

Your spell library contained the following spells:

 Spells                   Type           Power      Damage    Failure   Level
 Summon Guardian Golem    Hex/Summ       15%        N/A       10%         3
 Summon Lightning Spire   Summ/Air       15%        N/A       32%         4
 Dazzling Flash           Conj/Hex       12%        N/A       34%         3
 Tukima's Dance           Hex            6%         N/A       34%         3
 Passage of Golubria      Tloc           6%         N/A       75%         4
 Agony                    Necr           6%         N/A       97%         5
 Silence                  Hex/Air        3%         N/A       97%         5
 Yara's Violent Unravell  Hex/Tmut       3%         3d4       97%         5


Dungeon Overview and Level Annotations

Branches:
Dungeon (3/15)

Altars:
Okawaru


Innate Abilities, Weirdness & Mutations

You have very sharp teeth.
Your uncanny sense of smell can sniff out nearby items.
Your experience applies equally to all skills.


Message History

The rat barely misses you.
Your quokka closely misses the rat.
Your hound bites the rat.
The rat dies!
The goblin shoots a stone.
The stone barely misses your crimson imp.
The stone barely misses you.
The goblin shoots a stone.
The stone closely misses you.
The goblin shoots a stone.
The stone hits your crimson imp.
The goblin shoots a stone.
The stone hits you.
Your crimson imp blinks!
The goblin shoots a stone.
The stone hits your quokka.
The goblin shoots a stone.
The stone closely misses you.
The goblin shoots a stone.
The stone hits your quokka.
Your quokka dies!
Your quokka's corpse disappears in a puff of smoke!
The goblin shoots a stone.
The stone barely misses you.
The goblin shoots a stone.
The stone closely misses you.
Casting: Summon Small Mammal (safe; 1% risk of failure)
Confirm with . or Enter, or press ? or * to list all spells.
The goblin shoots a stone.
The stone hits you.
* * * LOW HITPOINT WARNING * * *
The goblin shoots a stone.
The stone hits you.
* * * LOW HITPOINT WARNING * * *
The goblin shoots a stone.
The stone barely misses your bat. The stone closely misses you.
Your crimson imp blinks!
The goblin shoots a stone.
The stone closely misses your hound. The stone closely misses you.
Your bat hits the goblin. Your bat misses the goblin.
The goblin shoots a stone.
The stone hits your hound.
The goblin shoots a stone.
The stone closely misses your hound. The stone completely misses you.
The goblin shoots a stone.
The stone hits your bat.
Your bat barely misses the goblin.
The goblin shoots a stone.
The stone misses your hound. The stone barely misses you.
You see here a +0 club.
Your bat barely misses the goblin.
Your bat hits the goblin. Something misses your bat.
The goblin shoots a stone.
The stone misses your hound. The stone hits you.
You die...

#.. #g.........#
#.# ##.
#.gg..5....# #.#
#..b.......# #.#
#.....†....# #.#
#..........# #.#
#..........# #.#
#.÷).......# #.#
#.......hr.# #.#
#........@.######
#.#####
#.#....)..........#
#......
#............####.#
#.#####
##..##.#######
#.##########
#..#...
#...........
#..#..##
############
#...... #.>#.#.
#.#. .


You could see 2 goblins, a friendly hound (summoned), a friendly crimson imp
(summoned), a friendly quokka (summoned) and a friendly bat (summoned).

Vanquished Creatures
  An adder (D:2)
  2 gnolls (D:3)
  A worm (D:3)
  A dart slug (D:1)
  A ball python (D:1)
  3 bats
  An endoplasm (D:1)
  A giant cockroach (D:2)
  A goblin (D:1)
  6 hobgoblins
  2 jackals (D:1)
  3 kobolds
  2 frilled lizards (D:1)
  6 rats
31 creatures vanquished.

Vanquished Creatures (collateral kills)
  A gnoll (D:3)
  A worm (D:3)
  4 endoplasms
  A giant cockroach (D:1)
  A goblin (D:1)
  A hobgoblin (D:1)
  A jackal (D:1)
  4 kobolds (D:1)
  2 rats
16 creatures vanquished.

Grand Total: 47 creatures vanquished

Notes
Turn   | Place    | Note
-------+----------+-------------------------------------------
     0 | D:1      | bearlyready the Gnoll Summoner began the quest for the Orb.
     0 | D:1      | Reached XP level 1. HP: 13/13 MP: 6/6
   346 | D:1      | Reached XP level 2. HP: 19/19 MP: 4/7
   533 | D:1      | Found a faded altar of an unknown god.
   678 | D:1      | Reached XP level 3. HP: 24/25 MP: 7/9
   680 | D:1      | Reached skill level 5 in Spellcasting
  1500 | D:2      | Found an iron altar of Okawaru.
  1534 | D:2      | Reached skill level 1 in Invocations
  1597 | D:2      | Learned a level 2 spell: Call Imp
  1706 | D:2      | Learned a level 3 spell: Call Canine Familiar
  1954 | D:2      | Reached skill level 1 in Fighting
  1954 | D:2      | Reached skill level 1 in Short Blades
  1954 | D:2      | Reached skill level 1 in Long Blades
  1954 | D:2      | Reached skill level 1 in Axes
  1954 | D:2      | Reached skill level 1 in Maces & Flails
  1954 | D:2      | Reached skill level 1 in Polearms
  1954 | D:2      | Reached skill level 1 in Staves
  1954 | D:2      | Reached skill level 1 in Slings
  1954 | D:2      | Reached skill level 1 in Bows
  1954 | D:2      | Reached skill level 1 in Crossbows
  1954 | D:2      | Reached skill level 1 in Throwing
  1954 | D:2      | Reached skill level 1 in Armour
  1954 | D:2      | Reached skill level 1 in Shields
  1954 | D:2      | Reached skill level 1 in Unarmed Combat
  1954 | D:2      | Reached skill level 1 in Evocations
  2531 | D:3      | Reached XP level 4. HP: 22/32 MP: 1/11
  2554 | D:3      | Reached skill level 1 in Conjurations
  2554 | D:3      | Reached skill level 1 in Hexes
  2554 | D:3      | Reached skill level 1 in Necromancy
  2554 | D:3      | Reached skill level 1 in Translocations
  2554 | D:3      | Reached skill level 1 in Transmutations
  2554 | D:3      | Reached skill level 1 in Fire Magic
  2554 | D:3      | Reached skill level 1 in Ice Magic
  2554 | D:3      | Reached skill level 1 in Air Magic
  2554 | D:3      | Reached skill level 1 in Earth Magic
  2554 | D:3      | Reached skill level 1 in Poison Magic
  2815 | D:3      | Shot with a stone by a goblin

Illustrated notes

Levels and vault maps discovered:
D:1:      wander_arrival_desolate, layout_basic,
          shapermc_ecumenical_altar_notcrosses, chequers_serial_rivers_room_b,
          due_unseen_surprise
D:2:      layout_loops_corners, basic_altar, st_stairs_9, grunt_decor_fettered
D:3:      minmay_goblin_kobold_castle, layout_basic, minmay_checkerbox,
          uniq_ijyb

Skill      XL: |  1  2  3  4 |
---------------+-------------+-----
Spellcasting   | 5 |  5.1
Invocations    | 1 |  1.3
Fighting       | 1 |  1.2
Short Blades   | 1 |  1.2
Long Blades    | 1 |  1.2
Axes           | 1 |  1.2
Maces & Flails | 1 |  1.2
Polearms       | 1 |  1.2
Staves         | 1 |  1.2
Slings         | 1 |  1.2
Bows           | 1 |  1.2
Crossbows      | 1 |  1.2
Throwing       | 1 |  1.2
Armour         | 1 |  1.2
Shields        | 1 |  1.2
Unarmed Combat | 1 |  1.2
Evocations     | 1 |  1.2
Conjurations   | 1 |  1.0
Hexes          | 1 |  1.0
Necromancy     | 1 |  1.0
Translocations | 1 |  1.0
Transmutations | 1 |  1.0
Fire Magic     | 1 |  1.0
Ice Magic      | 1 |  1.0
Air Magic      | 1 |  1.0
Earth Magic    | 1 |  1.0
Poison Magic   | 1 |  1.0
Dodging        | |  4.6
Stealth        | |  4.3
Summonings     | |  7.1

Action                   |  1- 3 |  4- 6 || total
-------------------------+-------+-------++-------
Melee: Unarmed           |     4 |       ||     4
       Dagger            |    68 |    12 ||    80
       Bite              |     4 |     3 ||     7
       Punch             |     1 |       ||     1
 Cast: Summon Small Mamm |    32 |     5 ||    37
       Call Imp          |     3 |     2 ||     5
       Call Canine Famil |     1 |     1 ||     2
 Stab: Sleeping          |     9 |       ||     9
Armor: Robe              |     9 |     2 ||    11
Dodge: Dodged            |    51 |    25 ||    76

Table legend: (Time is in decaauts)
 A = Elapsed time spent in this place.
 B = Non-inter-level travel time spent in this place.
 C = Inter-level travel time spent in this place.
 D = Time resting spent in this place.
 E = Time spent auto-exploring this place.
 F = Levels seen in this place.
 G = Mean time per level.
                   A        B        C        D        E       F      G
               +--------+--------+--------+--------+--------+-----+--------+
         Total |   2812 |   2775 |     37 |      0 |   2356 |   3 |  937.3 |
       Dungeon |   2812 |   2775 |     37 |      0 |   2356 |   3 |  937.3 |
               +--------+--------+--------+--------+--------+-----+--------+

Top non-repeatable levels by time:
     D:2: 1365 daAuts
     D:1: 1098 daAuts
     D:3: 348 daAuts
